 Dungeon Crawl Stone Soup version 0.19.5 (webtiles) character file.

13 tidbits the Cutter (level 2, 0/19 HPs)
             Began as a High Elf Wanderer on Nov 14, 2017.
             Was an Initiate of Ashenzari.
             Slain by a leopard gecko (1 damage)
             ... on level 1 of the Dungeon.
             The game lasted 00:01:56 (205 turns).

tidbits the Cutter (High Elf Wanderer)               Turns: 205, Time: 00:01:57

Health: 0/19       AC:  2    Str: 11    XL:     2   Next: 24%
Magic:  3/3        EV: 11    Int: 16    God:    Ashenzari [......]
Gold:   7          SH:  4    Dex: 13    Spells: 0 memorised, 1 level left

rFire  . . .     SeeInvis .     b - +1 dagger (venom)
rCold  . . .     Gourm    .     B - +0 robe
rNeg   . . .     Faith    .     D - +0 buckler
rPois  .         Spirit   .     (no helmet)
rElec  .         Reflect  .     (no cloak)
rCorr  .         Harm     .     (no gloves)
MR     .....                    (no boots)
Stlth  ++........               (no amulet)
                                (no ring)
                                (no ring)

@: no status effects
A: no striking features
a: Curse Item, Renounce Religion


You were on level 1 of the Dungeon.
You worshipped Ashenzari.
Ashenzari was noncommittal.
You were not hungry.

You visited 1 branch of the dungeon, and saw 2 of its levels.

You collected 7 gold pieces.

Inventory:

Hand Weapons
 a - a +2 short sword
 b - a +1 dagger of venom (weapon)
   (You took it off a kobold on level 1 of the Dungeon)
Armour
 B - a +0 robe (worn)
 D - a +0 buckler (worn)
Scrolls
 e - a scroll of immolation {unknown}
 g - a scroll of teleportation
 h - a scroll of enchant armour {unknown}
 i - 2 scrolls of identify {unknown}
Potions
 c - 2 potions of mutation {unknown}
 d - a potion of berserk rage {unknown}
Comestibles
 f - a bread ration


   Skills:
 + Level 2.2 Fighting
 - Level 3.6 Short Blades
 - Level 1.7 Armour
 + Level 1.4 Dodging
 - Level 1.1 Stealth
 + Level 1.3 Shields
   Level 1.0 Evocations


You had one spell level left.
You didn't know any spells.

Dungeon Overview and Level Annotations

Branches:
Dungeon (2/15)

Altars:
Ashenzari


Message History

You now have 7 gold pieces.
You feel sick.
You open the door.
You feel sick.
There is a stone staircase leading down here.
You see here a dart slug corpse.
You climb downwards.
Found a scroll labeled JOSIRHE NATHE.
There is a stone staircase leading up here.
You feel sick.
h - a scroll labeled JOSIRHE NATHE
There is a stone staircase leading up here.
You feel sick.
You climb upwards.
There is a stone staircase leading down here.
You see here a dart slug corpse.
You feel sick.
You are no longer poisoned.
You see here a rat corpse.
As you open the door, it creaks loudly!
There is an open door here.
A rat comes into view.
You hit the rat.
You kill the rat!
Found a stone staircase leading down.
You see here a rat corpse.
There is a stone staircase leading down here.
You climb downwards.
A hobgoblin comes into view.
There is a stone staircase leading up here.
The hobgoblin shouts!
A leopard gecko comes into view.
The leopard gecko hisses angrily.
There is a stone staircase leading up here.
The hobgoblin hits you.
* * * LOW HITPOINT WARNING * * *
You climb upwards.
There is a stone staircase leading down here.
You hit the hobgoblin but do no damage.
The hobgoblin is poisoned.
The hobgoblin barely misses you.
You hit the hobgoblin.
The hobgoblin looks as sick as possible!
The hobgoblin is almost dead.
You kill the hobgoblin!
You open the door.
Found a shattered altar of Ashenzari.
Found 2 scrolls labeled HOPIQA XUWOZA.
There is an open door here.
A goblin comes into view.
The goblin shouts!
There is a shattered altar of Ashenzari here.
You kneel at the altar of Ashenzari.
Ashenzari welcomes you!
You can now curse your items.
You see here a scroll labeled HOPIQA XUWOZA.
i - a scroll labeled HOPIQA XUWOZA
Okay, then.
You hit the goblin.
The goblin is severely wounded.
The goblin hits you but does no damage.
You hit the goblin.
You kill the goblin!
You open the door.
Adjust (i)tems, (s)pells, or (a)bilities?
Adjust which item? (? for menu, Esc to quit)
g - a +1 dagger of venom (weapon)
Adjust to which letter? (? for menu, Esc to quit)
b - a +1 dagger of venom (weapon);
g - a scroll of teleportation You open the door.
There is an open door here.
A bat comes into view.
The bat hits you but does no damage.
You closely miss the bat. The bat hits you but does no damage.
The bat barely misses you.
You hit the bat but do no damage. The bat closely misses you. The bat hits you.
* * * LOW HITPOINT WARNING * * *
You see here a scroll labeled HOPIQA XUWOZA.
The bat barely misses you. x2
You hit the bat.
The bat is poisoned.
The bat is severely wounded.
The bat barely misses you. The bat closely misses you.
You see here a scroll labeled HOPIQA XUWOZA.
You barely miss the bat.
The bat is severely wounded.
You block the bat's attack.
i - 2 scrolls labeled HOPIQA XUWOZA (gained 1)
You kill the bat!
A leopard gecko comes into view.
The leopard gecko hisses angrily.
Found an amethyst potion.
You barely miss the leopard gecko. The leopard gecko closely misses you.
You closely miss the leopard gecko. The leopard gecko bites you.
* * * LOW HITPOINT WARNING * * *
You hit the leopard gecko but do no damage.
The leopard gecko is poisoned.
The leopard gecko bites you.
* * * LOW HITPOINT WARNING * * *
The leopard gecko bites you.
You die...

#########....#...#
#.........###....####
+..........⌠.##'#..⌠#
#...................#
#......#..#........####
##......#...#.......#...
.........+...+..._...'...
#...####.#...#.......#...
#.. #@#####.......#### #.
#.l..#.........#..
..........#⌠.##'##.⌠#..
.########.####...###..#
..! #...#....#
.#..#...#..###
....##.##..###
...............
######.##..####


You could see a leopard gecko.

Vanquished Creatures
  2 dart slugs (D:1)
  A goblin (D:1)
  2 hobgoblins (D:1)
  A kobold (D:1)
  A bat (D:1)
  2 rats (D:1)
9 creatures vanquished.

Notes
Turn   | Place    | Note
-------+----------+-------------------------------------------
     0 | D:1      | tidbits the High Elf Wanderer began the quest for the Orb.
     0 | D:1      | tidbits set off with: a +2 short sword, a scroll of teleportation, a +0 buckler, a +0 robe, a bread ration
     0 | D:1      | Reached XP level 1. HP: 14/14 MP: 2/2
    71 | D:1      | Reached skill level 1 in Dodging
    71 | D:1      | Reached XP level 2. HP: 10/19 MP: 3/3
   159 | D:1      | Found a shattered altar of Ashenzari.
   165 | D:1      | Became a worshipper of Ashenzari the Shackled
   204 | D:1      | HP: 1/19 [leopard gecko (2)]
   205 | D:1      | Slain by a leopard gecko

Skill      XL: |  1 |
---------------+----+-----
Dodging        | 1 |  1.4
Fighting       | |  2.2
Short Blades   | |  3.6
Armour         | |  1.7
Stealth        | |  1.1
Shields        | |  1.3
Evocations     | |  1.0

Action                   || total
-------------------------++-------
Melee: Short sword       ||    11
       Dagger            ||    15
Armor: Robe              ||     4
Dodge: Dodged            ||    12
Block: Buckler           ||     2

Table legend:
 A = Turns spent in this place as a percentage of turns spent in the entire game.
 B = Non-inter-level travel turns spent in this place as a percentage of non-inter-level travel turns spent in the entire game.
 C = Inter-level travel turns spent in this place as a percentage of turns spent in this place.
 D = Turns resting spent in this place as a percentage of non-inter-level travel turns spent in this place.
 E = Turns spent auto-exploring this place as a percentage of non-inter-level travel turns spent in this place.
 F = Non-inter-level travel turns spent in this place divided by the number of levels of this place that you've seen.
                   A       B       C       D       E      F
               +-------+-------+-------+-------+-------+----------------------
         Total | 100.0 | 100.0 |   0.0 |   0.0 |   0.0 |  89.5
       Dungeon | 100.0 | 100.0 |   0.0 |   0.0 |   0.0 |  89.5
               +-------+-------+-------+-------+-------+----------------------

Table legend:
 A = Kills in this place as a percentage of kills in entire the game.
 B = Kills by you in this place as a percentage of kills by you in the entire game.
 C = Kills by friends in this place as a percentage of kills by friends in the entire game.
 D = Other kills in this place as a percentage of other kills in the entire game.
 E = Experience gained in this place as a percentage of experience gained in the entire game.
 F = Experience gained in this place divided by the number of levels of this place that you have seen.
                   A       B       C       D       E      F
               +-------+-------+-------+-------+-------+----------------------
         Total | 100.0 | 100.0 |  -nan |  -nan | 100.0 |   9.5
       Dungeon | 100.0 | 100.0 |  -nan |  -nan | 100.0 |   9.5
               +-------+-------+-------+-------+-------+----------------------

Vault maps used:
D:1:      eino_arrival_water_cross, evilmike_ruin_ashenzari
D:2:      old_standard_altar, solitary_fountain
